Map: Backwater LE

Players

Dark - Winner!

  • Race: Zerg Zerg
  • Spawn Location: 11:00

Scarlett

  • Race: Zerg Zerg
  • League: Master
  • Spawn Location: 5:00

Event: WESG 2017 Haikou

VOD

Have the link to the VOD?

Description

Time

  • Played on: March 17, 2018, 2:19 a.m.
  • Length: 9:42

All games in this series

Show
View Real Time Build Order
Export as new Build Order

Dark Zerg - Winner!

Build Orders: Pool First 

Get SALT Encoding   

  12  0:16  Spawning Pool  
  11  0:21  Drone  
  11  0:27  Drone  
  13  0:31  Drone  
  14  0:40  Overlord  
  14  1:04  Zergling x4  
  16  1:05  Zergling x2  
  17  1:15  Zergling x2  
  18  1:23  Queen  
  20  1:26  Zergling x2  
  21  1:36  Hatchery  
  21  1:39  Zergling x2  
  21  1:47  Overlord  
  21  2:05  Queen  
  21  2:07  Drone  
  24  2:18  Drone  
  24  2:20  Drone  
  26  2:32  Drone x4  
  30  2:44  Overlord  
  30  2:47  Queen  
  32  2:55  Drone x2  
  33  3:00  Drone  
  33  3:05  Drone  
  33  3:10  Drone  
  34  3:16  Drone  
  34  3:17  Drone x2  
  37  3:21  Drone  
  37  3:24  Drone  
  39  3:36  Hatchery  
  39  3:40  Overlord x2  
  38  3:41  Drone x2  
  38  3:45  Extractor  
  38  3:46  Extractor  
  38  3:49  Overlord  
  38  3:58  Drone x5  
  38  3:59  Drone  
  44  4:05  Roach Warren  
  44  4:06  Drone x2  
  45  4:12  Drone  
  46  4:21  Drone  
  46  4:24  Drone  
  46  4:25  Drone x3  
  46  4:27  Extractor  
  46  4:28  Extractor  
  46  4:30  Drone  
  49  4:34  Lair  
  49  4:35  Drone  
  50  4:40  Evolution Chamber  
  50  4:43  Drone x4, Evolution Chamber  
  52  4:46  Drone  
  54  4:52  Drone  
  54  4:53  Drone  
  54  4:55  Drone  
  54  4:56  Drone x2  
  58  5:02  Overlord  
  58  5:03  Drone  
  58  5:04  Drone  
  60  5:09  Zerg Ground Armor Level 1, Zerg Missile Weapons Level 1, Drone  
  60  5:15  Overlord  
  60  5:16  Drone x3  
  63  5:23  Drone x5  
  68  5:32  Drone x5  
  68  5:33  Overseer  
  73  5:38  Glial Reconstitution  
  73  5:39  Drone  
  73  5:40  Drone  
  73  5:41  Overlord  
  73  5:42  Extractor x2  
  74  5:48  Roach x4  
  81  5:52  Overlord  
  80  5:58  Drone  
  80  6:02  Roach x4  
  89  6:11  Hatchery  
  89  6:12  Roach x5  
  98  6:23  Overlord x2  
  98  6:24  Overlord x3  
  98  6:34  Overseer  
  98  6:40  Overlord  
  98  6:42  Roach x3  
  98  6:43  Roach x4, Overlord x2  
  98  6:44  Roach  
  98  6:46  Roach  
  116  6:51  Roach x3  
  122  6:56  Overlord x2  
  122  7:03  Zerg Missile Weapons Level 2  
  122  7:05  Roach x3  
  128  7:10  Roach x3  
  128  7:14  Roach x2  
  138  7:21  Roach x2  
  142  7:24  Ravager x3  
  142  7:25  Roach, Ravager x2  
  142  7:26  Roach  
  142  7:28  Roach  
  153  7:32  Roach x2  
  153  7:33  Roach  
  153  7:34  Roach  
  153  7:37  Roach  
  163  7:38  Ravager  
  163  7:39  Ravager x3  
  163  7:40  Roach x2  
  163  7:42  Roach  
  173  7:45  Roach  
  173  7:46  Roach  
  173  7:48  Roach x2  
  173  7:50  Roach  
  183  7:54  Roach x2  
  183  7:57  Overlord  
  182  8:03  Roach x2  
  182  8:04  Roach x2  
  182  8:05  Roach  
  184  8:11  Roach  
  184  8:12  Overlord x2  
  184  8:15  Roach  
  184  8:18  Roach x2  
  184  8:19  Roach  
  176  8:20  Roach  
  176  8:21  Roach  
  174  8:28  Roach x2  
  174  8:33  Roach x2  
  162  8:34  Roach x2  
  162  8:37  Roach  
  162  8:38  Roach x2  
  166  8:44  Roach x2  
  166  8:47  Roach  
  166  8:48  Roach x2  
  166  8:50  Roach  
  166  8:55  Roach  
  164  8:56  Roach x2  
  164  8:58  Roach x3  
  164  9:02  Roach x2  
  176  9:09  Roach x2  
  173  9:12  Roach x3  
  173  9:13  Roach  
  173  9:14  Roach  
  177  9:19  Roach x2  
Show
View Real Time Build Order
Export as new Build Order

Scarlett Zerg 

Build Orders: Pool First 

Get SALT Encoding   

  12  0:17  Spawning Pool  
  11  0:22  Drone  
  11  0:26  Drone  
  13  0:31  Drone  
  14  0:40  Overlord  
  14  1:03  Zergling x4  
  16  1:05  Zergling x2  
  17  1:19  Zergling x2  
  17  1:24  Hatchery  
  17  1:32  Queen  
  19  1:44  Overlord  
  19  1:46  Drone  
  20  1:50  Zergling x2  
  21  2:09  Queen  
  22  2:19  Drone x2  
  24  2:36  Drone, Queen  
  24  2:37  Drone  
  28  2:41  Drone x3  
  30  3:02  Drone x3  
  30  3:03  Drone x2  
  33  3:08  Overlord  
  33  3:19  Drone x2  
  35  3:20  Overlord  
  35  3:28  Drone x3  
  38  3:35  Overlord  
  38  3:45  Drone  
  38  3:46  Drone x3  
  42  3:49  Extractor x2  
  42  3:51  Queen  
  42  3:52  Overlord  
  42  3:55  Drone  
  43  4:07  Drone  
  43  4:08  Drone x2  
  43  4:09  Hatchery  
  45  4:13  Drone x2  
  47  4:19  Drone x2  
  49  4:25  Drone x2  
  51  4:33  Extractor  
  51  4:35  Drone x3  
  51  4:36  Drone  
  51  4:38  Evolution Chamber x2  
  53  4:43  Drone x2  
  54  4:45  Roach Warren  
  54  4:46  Drone  
  54  4:50  Lair  
  54  4:53  Drone x2  
  54  4:55  Drone  
  57  5:01  Extractor  
  57  5:04  Zerg Ground Armor Level 1  
  57  5:05  Drone x2  
  57  5:06  Drone  
  59  5:11  Overlord  
  59  5:15  Overlord  
  59  5:17  Zerg Missile Weapons Level 1  
  59  5:23  Drone  
  59  5:25  Drone x5  
  65  5:31  Drone  
  65  5:34  Drone x5  
  65  5:35  Drone  
  72  5:41  Overlord  
  74  5:43  Roach x2  
  74  5:45  Drone  
  74  5:47  Extractor x2  
  74  5:48  Glial Reconstitution  
  75  5:51  Overseer  
  75  5:56  Drone x3  
  78  6:00  Drone, Overlord  
  78  6:01  Drone x3  
  82  6:10  Overlord x2  
  82  6:15  Overlord x2  
  82  6:16  Roach x3  
  87  6:20  Roach x2  
  90  6:27  Roach  
  90  6:28  Overseer  
  90  6:32  Roach x5  
  102  6:37  Hatchery  
  101  6:41  Drone  
  101  6:43  Hydralisk Den, Roach x2  
  105  6:50  Roach x4  
  113  6:56  Roach x4  
  121  7:02  Zerg Ground Armor Level 2  
  121  7:06  Overlord  
  121  7:07  Overlord  
  121  7:14  Zerg Missile Weapons Level 2  
  121  7:18  Roach  
  121  7:19  Roach x2, Lurker Den  
  126  7:22  Overlord  
  126  7:23  Overlord  
  126  7:26  Ravager x2  
  126  7:27  Roach x2  
  126  7:29  Roach x3  
  138  7:35  Roach x2  
  138  7:36  Roach  
  144  7:39  Roach  
  144  7:41  Ravager x2, Overlord  
  148  7:46  Roach x3  
  148  7:48  Roach  
  156  7:55  Ravager  
  140  8:05  Roach  
  140  8:06  Roach x11  
  140  8:11  Roach x3  
  166  8:19  Roach x2  
  160  8:21  Roach x3  
  156  8:34  Roach x7  
  140  8:36  Roach  
  140  8:37  Roach  
  112  8:51  Roach x8  
  112  8:52  Roach  
  112  8:53  Roach  
  126  8:56  Roach x2  
  126  9:00  Roach x2  
  126  9:01  Roach  
  118  9:11  Roach x6  
  118  9:13  Roach  
  126  9:17  Roach x2  
  126  9:21  Roach x2  
Tags
 
Add a new tag
Caveats
  • Supply blocks, unpowered buildings, or Contaminate may cause inaccurate times.
  • Supply counts are checked every 10 seconds.